 Dungeon Crawl Stone Soup version 0.28.0-43-g3370ac3207 (webtiles) character file.

Game seed: 8153271816470091360

59 Murumi the Skirmisher (level 4, -2/72 HPs)
             Began as an Ogre Gladiator on Mar 26, 2022.
             Was a Follower of Cheibriados.
             Slain by a gnoll
             ... wielding a +5 spear
              (3 damage)
             ... on level 2 of the Dungeon.
             The game lasted 00:04:54 (2000 turns).

Murumi the Skirmisher (Ogre Gladiator)              Turns: 2000, Time: 00:04:55

Health: -2/72      AC:  3    Str: 23    XL:     4   Next: 3%
Magic:  0/4        EV: 14    Int: 12    God:    Cheibriados [*.....]
Gold:   36         SH:  0    Dex: 13    Spells: 3/3 levels left

rFire   . . .      SeeInvis .   g - +0 whip
rCold   . . .      Faith    .   (no shield)
rNeg    . . .      Spirit   .   b - +0 robe
rPois   .          Reflect  .   c - +0 hat
rElec   .          Harm     .   (no cloak)
rCorr   .          Rampage  .   (gloves unavailable)
Will    .....                   (boots unavailable)
Stlth   ..........              (no amulet)
HPRegen 0.22/turn               j - +4 ring of evasion
MPRegen 0.09/turn               (no ring)

@: berserking, hasted, quick
A: large, unfitting armour, tough skin 1
a: Renounce Religion, Bend Time


You were on level 2 of the Dungeon.
You worshipped Cheibriados.
Cheibriados was aware of your devotion.
You visited 1 branch of the dungeon, and saw 4 of its levels.

You collected 36 gold pieces.

Inventory:

Hand Weapons
 a - a +0 flail
 g - a +0 whip (weapon)
Missiles
 d - 3 throwing nets
 f - 22 stones
Armour
 b - a +0 robe (worn)
 c - a +0 hat (worn)
Jewellery
 j - a +4 ring of evasion (left hand)
Potions
 h - a potion of curing


   Skills:
 - Level 4.0 Fighting
 - Level 3.0 Maces & Flails
 - Level 2.0 Throwing
 - Level 1.0 Armour
 - Level 3.0 Dodging
 + Level 0.5 Stealth
 - Level 1.0 Invocations


You had 3 spell levels left.
You didn't know any spells.
Your spell library contained the following spells:

 Spells                   Type           Power      Damage    Failure   Level
 Animate Dead             Necr           0%         N/A       97%         4
 Borgnjor's Vile Clutch   Necr/Erth      0%         N/A       100%        5
 Death Channel            Necr           0%         N/A       100%        6


Dungeon Overview and Level Annotations

Branches:
Dungeon (4/15)
 Temple: D:4-7

Altars:
Cheibriados


Innate Abilities, Weirdness & Mutations

You are too large for most types of armour.
You have tough skin. (AC +1)


Message History

The gnoll hits you from afar with a +5 spear!
* * * LOW HITPOINT WARNING * * *
The gnoll completely misses you.
You are too injured to fight recklessly!
The flow of time bends around you.
Cheibriados rebukes the gnoll.
The gnoll seems to slow down.
The gnoll misses you.
You hit the gnoll but do no damage.
The gnoll is almost dead.
The gnoll misses you.
You barely miss the gnoll. You punch the gnoll.
You kill the gnoll!
You barely miss the gnoll. The gnoll hits you with a +0 flail!
* * * LOW HITPOINT WARNING * * *
You hit the gnoll.
The gnoll is lightly wounded.
The gnoll misses you.
It was a potion of haste.
You feel yourself speed up.
Cheibriados forgives your accidental hurry, just this once.
The gnoll hits you with a +0 flail.
* * * LOW HITPOINT WARNING * * *
It was a potion of berserk rage.
A red film seems to cover your vision as you go berserk!
Cheibriados protects you from inadvertent hurry.
You feel mighty!
You whack the gnoll!
You kill the gnoll!
Training target 1.0 for Armour reached!
Your Armour skill increases to level 1!
You need to enable at least one skill for training.
You have reached level 4!
You barely miss the gnoll.
The gnoll is moderately wounded.
The gnoll hits you with a +0 club.
* * * LOW HITPOINT WARNING * * *
You whack the gnoll!
You kill the gnoll!
Cheibriados appreciates the change of pace.
The gnoll hits you from afar with a +5 spear.
You die...

######### #.....>.#
#.#####.# #.# #.# #
##+# #.#####.##.#
##...##.##.......#
#.....#.##@##.####
........##)##.##
.......)##g#...#####
.....................
.......>##$.......###
.......###.##.###.#
#.....# #...### .#
##...# #.(... # ##+#
#...##.#


You could see a gnoll.

Vanquished Creatures
  3 gnolls (D:2)
  3 dart slugs (D:1)
  3 endoplasms (D:1)
  A giant cockroach (D:1)
  5 goblins
  3 hobgoblins (D:1)
  2 quokkas (D:1)
  4 ball pythons
  5 bats (D:1)
  2 kobolds (D:1)
31 creatures vanquished.

Vanquished Creatures (others)
  13 withered plants (D:1)
13 creatures vanquished.

Grand Total: 44 creatures vanquished

Notes
Turn   | Place    | Note
-------+----------+-------------------------------------------
     0 | D:1      | Murumi the Ogre Gladiator began the quest for the Orb.
     0 | D:1      | Reached XP level 1. HP: 22/22 MP: 1/1
   117 | D:1      | Reached skill level 3 in Fighting
   319 | D:1      | Reached XP level 2. HP: 30/31 MP: 2/2
   489 | D:1      | Found a faded altar of an unknown god.
   500 | D:1      | Prayed at the altar of an unknown god.
   500 | D:1      | Became a worshipper of Cheibriados the Contemplative
   500 | D:1      | Reached * piety under Cheibriados
   988 | D:1      | Reached XP level 3. HP: 39/39 MP: 3/3
  1148 | D:1      | Reached skill level 4 in Fighting
  1609 | D:1      | Reached skill level 1 in Invocations
  1887 | D:2      | You fall into a shaft and drop 2 floors!
  1999 | D:2      | Reached skill level 1 in Armour
  1999 | D:2      | Reached XP level 4. HP: 4/48 MP: 0/4
  1999 | D:2      | HP: 1/72 [gnoll/+0 club (4)]
  2000 | D:2      | Slain by a gnoll

Illustrated notes

Levels and vault maps discovered:
D:1:      dpeg_arrival_boxes_within_box, layout_loops_ring,
          shapermc_ecumenical_altar_flowoftime, minmay_misc_feat_square,
          st_stairs_3
D:2:      layout_loops_corners, basic_altar, uniq_sigmund
D:3:      layout_loops_ring, pdpol_wu_jian_five_deadly_venoms,
          small_statue_intersection, uniq_jessica, uniq_robin
D:4:      gammafunk_wand_slinger, layout_loops_cross

Skill      XL: |  1  2  3 |
---------------+----------+-----
Fighting       | 3 4 |  4.0
Maces & Flails | 3 |  3.0
Dodging        | 3 |  3.0
Invocations    | 1 |  1.0
Armour         | 1 |  1.0
Throwing       | |  2.0
Stealth        | |  0.5

Action                   |  1- 3 |  4- 6 || total
-------------------------+-------+-------++-------
Melee: Flail             |    44 |       ||    44
       Whip              |    53 |     2 ||    55
       Punch             |     2 |       ||     2
Throw: Stone             |    59 |       ||    59
Invok: Bend Time         |     1 |       ||     1
  Use: Scroll            |     4 |       ||     4
       Potion            |     2 |       ||     2
 Stab: Distracted        |     1 |       ||     1
Armor: Robe              |    26 |       ||    26
Dodge: Dodged            |    51 |       ||    51
